 Dungeon Crawl Stone Soup version 0.30-a0-782-ge64f9170bb (webtiles) character file.

Game seed: 1038690515781925524

923 Barriton the Stinger (level 7, -2/52 HPs)
             Began as a Grey Draconian Venom Mage on Feb 20, 2023.
             Was an Initiate of Sif Muna.
             Slain by a gnoll
             ... wielding a +0 halberd
             ... led by a gnoll sergeant
              (9 damage)
             ... on level 6 of the Dungeon.
             The game lasted 00:11:06 (4593 turns).

Barriton the Stinger (Grey Draconian Venom Mage)    Turns: 4593, Time: 00:11:07

Health: -2/52      AC:  2    Str: 12    XL:     7   Next: 84%
Magic:  6/13       EV: 20    Int: 16    God:    Sif Muna [......]
Gold:   225        SH:  0    Dex: 16    Spells: 9/14 levels left

rFire   . . .      SeeInvis .      - Unarmed
rCold   . . .      Faith    .    (shield currently unavailable)
rNeg    . . .      Spirit   .    (body armour unavailable)
rPois   x          Reflect  .    (helmet currently unavailable)
rElec   .          Harm     .    (cloak currently unavailable)
rCorr   .          Rampage  .    (gloves currently unavailable)
Will    .....                    (boots currently unavailable)
Stlth   ++                       (no amulet)
HPRegen 0.28/turn                (no ring)
MPRegen 0.13/turn                (no ring)

@: spider-form (expiring)
A: venomous fangs, AC +11, (amphibious), tiny, unfitting armour, (cold-blooded)
a: End Transformation, Renounce Religion


You were on level 6 of the Dungeon.
You worshipped Sif Muna.
Sif Muna was noncommittal.
You were a venomous arachnid creature.
You visited 1 branch of the dungeon, and saw 6 of its levels.

You collected 225 gold pieces.

Inventory:

Hand Weapons
 e - a +5 whip of electrocution
 n - the +12 hand axe "Locvof" (melded) {speed, Int+2}
   (You found it on level 4 of the Dungeon)

   Int:       It affects your intelligence (+2).
Missiles
 d - a throwing net
Jewellery
 o - an amulet of magic regeneration
Wands
 p - a wand of polymorph (13)
Scrolls
 h - 2 scrolls of teleportation
 m - a scroll of torment
 q - a scroll of enchant weapon
 r - a scroll of identify
Potions
 a - a potion of magic
 b - 3 potions of cancellation
 c - 6 potions of curing
 f - 2 potions of haste
 g - 2 potions of lignification
 i - a potion of flight {unknown}
 j - a potion of ambrosia {unknown}
 k - 2 potions of degeneration {unknown}
 l - a potion of heal wounds {unknown}


   Skills:
 + Level 1.0 Fighting
 + Level 1.9 Maces & Flails
 + Level 3.6 Dodging
 + Level 2.4 Stealth
 + Level 3.2 Unarmed Combat
 + Level 4.1 Spellcasting
 + Level 3.6 Transmutations
 + Level 4.9 Poison Magic


You had 9 spell levels left.
You knew the following spells:

 Your Spells              Type           Power      Damage    Failure   Level
a - Sting                 Tmut/Pois      68%        1d6       11%         1
b - Beastly Appendage     Tmut           30%        N/A       12%         1
c - Spider Form           Tmut/Pois      17%        N/A       22%         3

Your spell library contained the following spells:

 Spells                   Type           Power      Damage    Failure   Level
 Wereblood                Tmut           15%        N/A       16%         2
 Poisonous Vapours        Pois/Air       22%        N/A       24%         2
 Cigotuvi's Dreadful Rot  Necr/Pois/Air  16%        N/A       30%         2
 Necrotise                Necr           12%        1d4       36%         1
 Olgreb's Toxic Radiance  Pois           18%        N/A       43%         4
 Lesser Beckoning         Tloc           6%         N/A       47%         2
 Mephitic Cloud           Conj/Pois/Air  8%         N/A       47%         3
 Gell's Gravitas          Tloc           3%         N/A       67%         3
 Teleport Other           Tloc           3%         N/A       67%         3
 Vampiric Draining        Necr           3%         2d6       67%         3
 Agony                    Necr           3%         N/A       100%        5


Dungeon Overview and Level Annotations

Branches:
Dungeon (6/15)             Temple (0/1) D:4

Altars:
Dithmenos
Fedhas
Kikubaaqudgha
Sif Muna


Innate Abilities, Weirdness & Mutations

You are a venomous arachnid creature.
You have venomous fangs.
You are tiny and dextrous.
Your spellcasting is less reliable in this form.
Your armour is entirely melded.
You are incapable of wielding weapons or throwing items.
((Your dull iron-grey scales are very hard. (AC +11)))
((You are amphibious.))
You cannot fit into any form of body armour.
((You are cold-blooded and may be slowed by cold attacks.))


Message History

The +12 hand axe "Locvof" {speed, Int+2} melds into your body.
Casting: Spider Form (dangerous; 22% risk of failure)
Confirm with . or Enter, or press ? or * to list all spells.
Your transformation has ended.
The +12 hand axe "Locvof" {speed, Int+2} unmelds from your body.
Your hands tingle!
You grow a pair of large bovine horns.
Your feet morph into talons.
You climb downwards.
The gnoll barely misses you.
There is a stone staircase leading up here.
Casting: Beastly Appendage (safe; 3% risk of failure)
Confirm with . or Enter, or press ? or * to list all spells.
Your horns disappear.
Your talons disappear.
You turn into a venomous arachnid creature.
The +12 hand axe "Locvof" {speed, Int+2} melds into your body.
The gnoll misses you.
You hit the gnoll.
The gnoll is poisoned.
The gnoll is moderately wounded.
The gnoll barely misses you. The gnoll sergeant misses you.
The gnoll closely misses you.
You hit the gnoll.
The gnoll looks as sick as possible!
The gnoll is severely wounded.
The gnoll hits you from afar with a +0 halberd!
The gnoll sergeant hits you from afar with a +0 spear!
The gnoll hits you with a +0 flail.
You hit the gnoll.
The gnoll looks as sick as possible!
The gnoll is almost dead.
The gnoll misses you. The gnoll sergeant misses you.
The gnoll hits you with a +0 flail!
You hit the gnoll.
You kill the gnoll!
Sif Muna accepts your kill.
Your transformation is almost over.
The gnoll closely misses you. The gnoll sergeant misses you.
The gnoll hits you with a +0 halberd!
* * * LOW HITPOINT WARNING * * *
The gnoll sergeant hits you with a +0 spear.
* * * LOW HITPOINT WARNING * * *
There is a stone staircase leading up here.
The gnoll hits you with a +0 halberd!
You die...

#...).....#
#.........#
#.........#
#.........#
#.........#
#.........#
#.........#
#..gg.....#
#...s.....#
##)......##
##.....##
#######


You could see a gnoll sergeant and a gnoll.

Vanquished Creatures
  Sigmund (D:2)
  A sky beast (D:4)
  A centaur (D:5)
  A bullfrog (D:4)
  A scorpion (D:4)
  A howler monkey (D:4)
  A jelly (D:5)
  An orc priest (D:3)
  2 hounds (D:5)
  An orc wizard (D:4)
  10 gnolls
  8 adders
  An ufetubus (D:4)
  3 worms
  13 orcs
  7 ball pythons
  8 endoplasms
  6 giant cockroaches
  9 hobgoblins
  3 jackals (D:2)
  3 quokkas
  4 bats
  4 frilled lizards
  7 goblins
  4 kobolds
  2 rats
103 creatures vanquished.

Vanquished Creatures (others)
  8 fungi (D:5)
8 creatures vanquished.

Grand Total: 111 creatures vanquished

Notes
Turn   | Place    | Note
-------+----------+-------------------------------------------
     0 | D:1      | Barriton the Draconian Venom Mage began the quest for the
                  | Orb.
     0 | D:1      | Reached XP level 1. HP: 14/14 MP: 3/3
   382 | D:1      | Reached XP level 2. HP: 20/20 MP: 3/5
   808 | D:2      | Learned a level 1 spell: Beastly Appendage
   853 | D:2      | Reached XP level 3. HP: 21/26 MP: 3/6
   935 | D:2      | Noticed Sigmund
   947 | D:2      | Killed Sigmund
   948 | D:2      | Reached XP level 4. HP: 30/33 MP: 3/8
   948 | D:2      | Reached XP level 5. HP: 34/38 MP: 3/9
  1176 | D:2      | Found a faded altar of an unknown god.
  1247 | D:2      | Reached skill level 1 in Maces & Flails
  1628 | D:3      | Reached XP level 6. HP: 33/45 MP: 5/10
  1795 | D:3      | Found a blossoming altar of Fedhas.
  1969 | D:3      | Learned a level 3 spell: Spider Form
  2224 | D:3      | Found a shadowy altar of Dithmenos.
  2922 | D:4      | Identified the +12 hand axe "Locvof" {speed, Int+2}
  2958 | D:4      | Noticed a sky beast
  2975 | D:4      | Killed a sky beast
  2976 | D:4      | Reached skill level 1 in Unarmed Combat
  2976 | D:4      | Your scales start taking on a dull iron-grey colour.
  2976 | D:4      | Reached XP level 7. HP: 29/50 MP: 9/12
  3531 | D:4      | Found a staircase to the Ecumenical Temple.
  3635 | D:5      | Entered Level 5 of the Dungeon
  3667 | D:5      | Found an ancient bone altar of Kikubaaqudgha.
  4072 | D:5      | Found a shimmering blue altar of Sif Muna.
  4197 | D:5      | Reached skill level 1 in Fighting
  4208 | D:5      | Became a worshipper of Sif Muna the Loreminder
  4593 | D:6      | Slain by a gnoll

Illustrated notes

Levels and vault maps discovered:
D:1:      dpeg_arrival_shelter, layout_basic
D:2:      layout_rooms, ebering_ecumenical_altar_mist, uniq_sigmund
D:3:      layout_loops_cross, lemuel_tele_altar, amcnicky_altar_gilded,
          minmay_fractal_squares_diagonal_5
D:4:      layout_rooms, temple_doors_cd, kennysheep_generic_room_6
D:5:      layout_basic, mainiacjoe_overflow_small_starburst,
          mainiacjoe_overflow_boulevard, serial_aquarium, aquarium_bridge_square
          [aquarium_subvault_wall, aquarium_subvault_wall,
          aquarium_subvault_wall, aquarium_subvault_bridge], aquarium_window_1,
          aquarium_window_corridor_2, aquarium_view_2d
D:6:      layout_rooms

Skill      XL: |  1  2  3  4  5  6  7 |
---------------+----------------------+-----
Dodging        | 2 3 |  3.6
Stealth        | 2 |  2.4
Spellcasting   | 3 4 |  4.1
Transmutations | 2 3 |  3.6
Poison Magic   | 4 |  4.9
Maces & Flails | 1 |  1.9
Unarmed Combat | 1 3 |  3.2
Fighting       | 1 |  1.0

Action                     |  1- 3 |  4- 6 |  7- 9 || total
---------------------------+-------+-------+-------++-------
  Melee: Whip              |    44 |    79 |       ||   123
         Unarmed           |     1 |    54 |    76 ||   131
         Punch             |     1 |       |     1 ||     2
         Kick              |     5 |    11 |       ||    16
         Headbutt          |     2 |     5 |       ||     7
         Tailslap          |       |     7 |     1 ||     8
         Hand axe          |       |       |    11 ||    11
   Cast: Sting             |    23 |    28 |     2 ||    53
         Beastly Appendage |     3 |    16 |     2 ||    21
         Spider Form       |       |     8 |    11 ||    19
    Use: Scroll            |     2 |    11 |     4 ||    17
 Armour: Skin              |    23 |    24 |    14 ||    61
  Dodge: Dodged            |    44 |   103 |    82 ||   229

Table legend: (Time is in decaauts)
 A = Elapsed time spent in this place.
 B = Non-inter-level travel time spent in this place.
 C = Inter-level travel time spent in this place.
 D = Time resting spent in this place.
 E = Time spent auto-exploring this place.
 F = Levels seen in this place.
 G = Mean time per level.
                   A        B        C        D        E       F      G
               +--------+--------+--------+--------+--------+-----+--------+
         Total |   4596 |   4508 |     88 |      0 |   3607 |   6 |  766.0 |
       Dungeon |   4596 |   4508 |     88 |      0 |   3607 |   6 |  766.0 |
               +--------+--------+--------+--------+--------+-----+--------+

Top non-repeatable levels by time:
     D:3: 1107 daAuts
     D:4: 912 daAuts
     D:5: 894 daAuts
     D:1: 821 daAuts
     D:2: 799 daAuts
     D:6: 61 daAuts
